 Dungeon Crawl Stone Soup version 0.27-a0-660-g90476cec82 (webtiles) character file.

Game seed: 6455392689983419419

546 shoop the Chopper (level 7, -7/60 HPs)
             Began as a Palentonga Abyssal Knight on Mar 16, 2021.
             Was a Believer of Lugonu.
             Mangled by a gnoll sergeant zombie
             ... wielding a +2 spear of venom
              (12 damage)
             ... on level 5 of the Dungeon.
             The game lasted 00:09:36 (7140 turns).

shoop the Chopper (Palentonga Abyssal Knight)       Turns: 7140, Time: 00:09:38

Health: -7/60      AC: 11    Str: 17    XL:     7   Next: 6%
Magic:  10/10      EV:  9    Int: 23    God:    Lugonu [**....]
Gold:   204        SH:  0    Dex: 10    Spells: 6/6 levels left

rFire    + + .     SeeInvis +   x - +4 trident of Internal Strife {drain, rC+ Int+7}
rCold    + + .     Faith    .   (no shield)
rNeg     . . .     Spirit   .   b - +0 leather armour
rPois    +         Reflect  .   (helmet restricted)
rElec    +         Harm     .   (no cloak)
rCorr    +         Rampage  .   (no gloves)
Will     .....                  (no barding)
Stlth    +.........             r - amulet of magic regeneration
HPRegen  0.20/turn              e - +6 ring of intelligence
MPRegen  0.37/turn              f - ring of protection from fire

@: brilliant, lethally poisoned (-7 -> -9), about to teleport, resistant, curled
up
A: large, rugged brown scales 3, see invisible, deformed body, roll 1, armoured
tail, reflexive curl, horns 1, dopey 1, subdued magic 1
a: Rolling Charge, Renounce Religion, Depart the Abyss, Bend Space


You were on level 5 of the Dungeon.
You worshipped Lugonu.
Lugonu was pleased with you.
You visited 1 branch of the dungeon, and saw 5 of its levels.
You visited the Abyss 1 time.

You collected 204 gold pieces.

Inventory:

Hand Weapons
 a - a +2 hand axe
 x - the +4 trident of Internal Strife (weapon) {drain, rC+ Int+7}
   (You found it on level 4 of the Dungeon)

   A truly terrible weapon, it drains the life of those it strikes.
   It affects your intelligence (+7).
   It protects you from cold.
Missiles
 u - 2 throwing nets
 y - 15 poisoned darts
Armour
 b - a +0 leather armour (worn)
 s - a +0 helmet
Jewellery
 e - a +6 ring of intelligence (right hand)
 f - a ring of protection from fire (left hand)
 r - an amulet of magic regeneration (around neck)
Scrolls
 g - 3 scrolls of fog {unknown}
 i - 4 scrolls of enchant weapon
 j - 2 scrolls of teleportation
 m - a scroll of magic mapping
 n - a scroll of blinking
 o - 2 scrolls of enchant armour {unknown}
 q - a scroll of immolation
 v - a scroll of random uselessness {unknown}
 w - a scroll of amnesia
Potions
 c - a potion of mutation
 h - 2 potions of brilliance
 k - 2 potions of lignification
 l - a potion of cancellation
 p - a potion of flight
 t - a potion of curing


   Skills:
 - Level 3.0 Fighting
 * Level 6.4 Axes
 - Level 1.5 Armour
 - Level 0.7 Dodging
 + Level 5.0 Invocations


You had 6 spell levels left.
You didn't know any spells.
Your spell library was empty.

Dungeon Overview and Level Annotations

Branches:
Dungeon (5/15)             Temple (0/1) D:5

Altars:
Okawaru
Trog
Vehumet
Xom
Yredelemnul

Annotations:
D:5 1 transporter


Innate Abilities, Weirdness & Mutations

You are completely covered in rugged brown scales. (AC +3, +7% HP)
You have supernaturally acute eyesight. (SInv)
Armour fits poorly on your strangely shaped body.
You can roll at nearby foes to attack.
You have a long armoured tail.
You curl defensively after being hit.
You have a pair of small horns on your head.
You are dopey. (Int -2)
Your spells are a little easier to cast, but a little less powerful.


Message History

The gnoll sergeant zombie hits you from afar with a +2 spear of venom.
As you read the scroll labelled MILAFF TUARCH, it crumbles to dust.
It is a scroll of enchant weapon.
Your +1 hand axe glows red for a moment.
You feel sick.
The gnoll sergeant zombie hits you from afar with a +0 trident of venom!
* * * LOW HITPOINT WARNING * * *
You are more poisoned.
The gnoll sergeant zombie completely misses you.
The gnoll sergeant zombie hits you but does no damage.
* * * LOW HITPOINT WARNING * * *
You feel very sick.
It was a potion of mutation.
You feel extremely strange.
Your connection to magic feels subdued.
You feel stupid. A pair of horns grows on your head!
Your +0 helmet falls away!
* * * LOW HITPOINT WARNING * * *
You feel very sick.
It was a potion of curing.
You feel better.
The gnoll sergeant zombie hits you from afar with a +2 spear of venom.
* * * LOW HITPOINT WARNING * * *
The gnoll sergeant zombie misses you.
The gnoll sergeant zombie hits you but does no damage.
Okay, then.
As you read the scroll labelled UCWOWK CEEL, it crumbles to dust.
You feel strangely unstable.
It was a scroll of teleportation.
The gnoll sergeant zombie barely misses you.
The gnoll sergeant zombie hits you from afar with a +0 trident of venom!
* * * LOW HITPOINT WARNING * * *
The gnoll sergeant zombie hits you but does no damage.
You are poisoned.
You feel sick.
There is a transporter landing site here.
Reach: x) +4 trident of Internal Strife {drain, rC+ Int+7}
Press: ? - help, Dir - move target, f/p - gnoll sergeant zombie
Aim: a gnoll sergeant zombie, wielding a +2 spear of venom (about 17% to evade the +4 trident of Internal Strife)
You reach to attack!
You hit the gnoll sergeant zombie.
The gnoll sergeant zombie is lightly damaged.
The gnoll sergeant zombie hits you from afar with a +2 spear of venom!
You die...

.....# #°°☼$$$°○○######## ####.#
#○○○...☼○°##.....##
#.#######°○°☼○☼○○○##......#
####.##....#°°○○○○○..##.._...##
.....##.#######☼○○####........#
......#.#####°°.Z.○○##......#.###
............#☼○#Z#Z○#............
......#.#####☼○...○°#..######.###
.....##.....#☼°#@#°○#..# #.##.
##.#.##.#####☼○°○○○○#..# #.##.
##>#..#.# #○○○○○☼☼#### ####.#..
##.##.#.# ######### #......#
##.##.#.# #.©..# #.###...
##.##.#.### #....# #.#...#.
##.##.#...# ###..### #...#...
<#.##.#...# #...## #.#.....
.#.##.##..###.### #...#...


You could see 3 gnoll sergeant zombies.

Vanquished Creatures
  A centaur (D:5)
  A howler monkey (D:5)
  A hound (D:5)
  2 jellies (D:5)
  A bullfrog skeleton (D:4)
  2 orc wizards
  2 worker ants
  A hound skeleton (D:4)
  8 adders
  2 white imps (D:5)
  4 oozes
  2 worms
  An adder skeleton (D:4)
  A dart slug (D:1)
  2 leopard geckos (D:1)
  10 orcs
  4 giant cockroaches
  8 goblins
  8 hobgoblins
  2 jackals (D:1)
  7 kobolds
  A quokka (D:3)
  8 bats
  3 frilled lizards
  9 rats
91 creatures vanquished.

Vanquished Creatures (others)
  34 plants (D:4)
34 creatures vanquished.

Grand Total: 125 creatures vanquished

Notes
Turn   | Place    | Note
-------+----------+-------------------------------------------
     0 | Abyss:1  | shoop the Palentonga Abyssal Knight began the quest for the
                  | Orb.
     0 | Abyss:1  | Reached XP level 1. HP: 20/20 MP: 2/2
    23 | D:1      | Escaped the Abyss
   252 | D:1      | Reached XP level 2. HP: 21/27 MP: 3/3
   797 | D:1      | Reached skill level 3 in Axes
  1105 | D:1      | Reached XP level 3. HP: 13/33 MP: 4/4
  1877 | D:2      | Reached ** piety under Lugonu
  1897 | D:2      | Reached XP level 4. HP: 40/40 MP: 6/6
  2384 | D:2      | Reached skill level 4 in Axes
  3216 | D:3      | Found a faded altar of an unknown god.
  3336 | D:3      | Found a basalt altar of Yredelemnul.
  3387 | D:3      | Found a shimmering altar of Xom.
  3449 | D:3      | Reached XP level 5. HP: 45/48 MP: 7/7
  4138 | D:4      | Reached skill level 5 in Axes
  4838 | D:3      | Reached XP level 6. HP: 38/54 MP: 9/9
  5210 | D:4      | Identified the +4 trident of Internal Strife {drain, rC+
                  | Int+7}
  5702 | D:5      | Entered Level 5 of the Dungeon
  5839 | D:5      | Found a staircase to the Ecumenical Temple.
  6120 | D:5      | Found an iron altar of Okawaru.
  6215 | D:5      | Identified the +0 robe of Gallantry {Harm rElec}
  6260 | D:5      | Found a transporter.
  6273 | D:5      | Found a bloodstained altar of Trog.
  6274 | D:5      | Found a radiant altar of Vehumet.
  6274 | D:5      | Found an iron altar of Okawaru.
  6281 | D:5      | Reached skill level 6 in Axes
  6665 | D:5      | Reached skill level 5 in Invocations
  6665 | D:5      | Gained mutation: You curl defensively after being hit.
                  | [Palentonga growth]
  6665 | D:5      | Reached XP level 7. HP: 23/60 MP: 10/10
  6909 | D:5      | Found a transporter.
  7136 | D:5      | Gained mutation: Your spells are a little easier to cast,
                  | but a little less powerful. [potion of mutation]
  7136 | D:5      | Gained mutation: You are dopey. (Int -2) [potion of
                  | mutation]
  7136 | D:5      | Gained mutation: You have a pair of small horns on your
                  | head. [potion of mutation]
  7140 | D:5      | Mangled by a gnoll sergeant zombie

Illustrated notes

Levels and vault maps discovered:
D:1:      heliophobic_arrival_henge, layout_basic
D:2:      layout_basic
D:3:      layout_loops_ring, minitemple, chequers_ecumenical_altar_simple_redux
D:4:      layout_basic, serial_bayou, serial_bayou_crossing,
          serial_bayou_lake_a, serial_bayou_pond_e, serial_bayou_pond_c,
          serial_bayou_lagoon_a, serial_bayou_pond_c
D:5:      gammafunk_cloud_chamber, layout_loops_ring,
          chequers_temple_overflow_statue_of_worship,
          minmay_temple_entry_sparse_star, basic_altar

Skill      XL: |  1  2  3  4  5  6 |
---------------+-------------------+-----
Axes           | 3 4 5 6 |  6.4
Invocations    | 3 4 5 |  5.0
Fighting       | |  3.0
Armour         | |  1.5
Dodging        | |  0.7

Action                   |  1- 3 |  4- 6 |  7- 9 || total
-------------------------+-------+-------+-------++-------
Melee: Hand axe          |    91 |   149 |       ||   240
       Tailslap          |     9 |    17 |       ||    26
       Trident           |       |    42 |     3 ||    45
Invok: Bend Space        |       |     3 |       ||     3
 Abil: Rolling Charge    |     3 |    15 |     1 ||    19
  Use: Scroll            |       |     6 |     2 ||     8
       Potion            |       |     1 |     4 ||     5
Armor: Leather armour    |    31 |    50 |     3 ||    84
       Skin              |       |     3 |       ||     3
Dodge: Dodged            |    43 |    92 |     4 ||   139

Table legend: (Time is in decaauts)
 A = Elapsed time spent in this place.
 B = Non-inter-level travel time spent in this place.
 C = Inter-level travel time spent in this place.
 D = Time resting spent in this place.
 E = Time spent auto-exploring this place.
 F = Levels seen in this place.
 G = Mean time per level.
                   A        B        C        D        E       F      G
               +--------+--------+--------+--------+--------+-----+--------+
         Total |   7250 |   7075 |    175 |    869 |   5470 |   6 | 1208.3 |
       Dungeon |   7227 |   7052 |    175 |    869 |   5467 |   5 | 1445.4 |
         Abyss |     23 |     23 |      0 |      0 |      3 |   1 |   23.0 |
               +--------+--------+--------+--------+--------+-----+--------+

Top non-repeatable levels by time:
     D:1: 1828 daAuts
     D:3: 1449 daAuts
     D:5: 1442 daAuts
     D:2: 1256 daAuts
     D:4: 1250 daAuts
 Abyss:1: 23 daAuts
